 Dungeon Crawl Stone Soup version 0.30-a0-424-g7412bad402 (webtiles) character file.

Game seed: 15308441465034548550

112 AigisTheKnight the Caller (level 4, -1/26 HPs)
             Began as a Tengu Summoner on Dec 10, 2022.
             Was an Initiate of the Shining One.
             Slain by an orc
             ... wielding a +2 short sword of distortion
              (5 damage)
             ... in the Ecumenical Temple.
             The game lasted 00:06:37 (2273 turns).

AigisTheKnight the Caller (Tengu Summoner)          Turns: 2273, Time: 00:06:37

Health: -1/26      AC:  4    Str: 15    XL:     4   Next: 93%
Magic:  3/9        EV: 12    Int: 17    God:    the Shining One [......]
Gold:   141        SH:  0    Dex: 14    Spells: 4/8 levels left

rFire   . . .      SeeInvis .    t - +2 whip (drain)
rCold   . . .      Faith    .    (no shield)
rNeg    . . .      Spirit   .    v - +0 leather armour
rPois   .          Reflect  .    (helmet restricted)
rElec   .          Harm     .    f - +0 cloak
rCorr   .          Rampage  .    (no gloves)
Will    .....                    (boots unavailable)
Stlth   +.........               (no amulet)
HPRegen 0.24/turn                u - +6 ring of strength
MPRegen 0.11/turn                (no ring)

@: glowing
A: beak, talons 3
a: Renounce Religion


You were in the Ecumenical Temple.
You worshipped the Shining One.
The Shining One was noncommittal.
You visited 2 branches of the dungeon, and saw 5 of its levels.

You collected 141 gold pieces.

Inventory:

Hand Weapons
 d - a +0 club
 m - a +0 short sword
 t - a +2 whip of draining (weapon)
Armour
 a - a +0 robe
 f - a +0 cloak (worn)
 v - a +0 leather armour (worn)
 z - a scarf of shadows
Jewellery
 j - a ring of fire
 p - an amulet of faith
 u - a +6 ring of strength (left hand)
Wands
 s - a wand of roots (6)
Scrolls
 e - a scroll of vulnerability {unknown}
 i - a scroll of fear {unknown}
 n - a scroll of brand weapon {unknown}
 o - 4 scrolls of noise {unknown}
 q - a scroll of enchant weapon {unknown}
 x - a scroll of butterflies {unknown}
 y - a scroll of enchant armour {unknown}
Potions
 b - a potion of magic
 c - a potion of degeneration {unknown}
 g - a potion of mutation {unknown}
 h - a potion of flight {unknown}
 k - 2 potions of ambrosia {unknown}
 l - 3 potions of attraction {unknown}
 r - 2 potions of curing {unknown}
 w - a potion of brilliance {unknown}


   Skills:
 + Level 2.0 Fighting
 + Level 3.3 Dodging
 - Level 2.0 Stealth
 + Level 2.8 Spellcasting
 + Level 5.5 Summonings


You had 4 spell levels left.
You knew the following spells:

 Your Spells              Type           Power      Damage    Failure   Level
a - Summon Small Mammal   Summ           84%        N/A       2%          1
b - Call Canine Familiar  Summ           21%        N/A       7%          3

Your spell library contained the following spells:

 Spells                   Type           Power      Damage    Failure   Level
 Call Imp                 Summ           21%        N/A       3%          2
 Sandblast                Erth           4%         2d4       22%         1
 Summon Guardian Golem    Hex/Summ       11%        N/A       22%         3
 Passwall                 Tmut/Erth      1%         N/A       32%         2
 Stone Arrow              Conj/Erth      4%         3d7       54%         3
 Summon Lightning Spire   Summ/Air       11%        N/A       56%         4


Dungeon Overview and Level Annotations

Branches:
Dungeon (4/15)             Temple (1/1) D:4

Altars:
Ashenzari
Cheibriados
Elyvilon
Fedhas
Gozag
Kikubaaqudgha
Makhleb
Nemelex Xobeh
Okawaru
Qazlal
Sif Muna
Vehumet
Zin
The Shining One

Annotations:
D:2 Ijyb


Innate Abilities, Weirdness & Mutations

You have a beak for a mouth.
You have claws for feet.


Message History

You kill the orc!
The grasping roots constrict the orc.
You kill the orc!
Your Fighting skill increases to level 2!
Unknown command.
You can't go up here!
The iguana bites you!
Unknown command.
You swap places.
Your quokka bites the iguana.
Your rat closely misses the iguana.
Your quokka barely misses the iguana.
There is a staircase to the Ecumenical Temple here.
Unknown command.
You can't go up here!
The orc hits you with a +2 short sword of distortion.
Space warps horribly around you!
* * * LOW HITPOINT WARNING * * *
The iguana bites you.
* * * LOW HITPOINT WARNING * * *
Your quokka bites the iguana.
Your rat bites the iguana but does no damage.
You climb downwards.
Welcome back to the Ecumenical Temple!
Your summoned ally is left behind.
There is a staircase back to the Dungeon here.
Aiming: Fastroot
Press: ? - help, Q - select action, (/) - cycle Shift-Dir - straight line
Okay, then.
Casting: Summon Small Mammal (safe; 2% risk of failure)
Confirm with . or Enter, or press ? or * to list all spells.
Okay, then.
Casting: Summon Small Mammal (safe; 2% risk of failure)
Confirm with . or Enter, or press ? or * to list all spells.
The spell is quite dangerous to miscast (7% risk of failure)!
Continue anyway? [Y]es or [N]o only, please.
The spell is quite dangerous to miscast (7% risk of failure)!
Continue anyway?
The iguana barely misses you. The orc closely misses you.
Unknown command.
The iguana attacks as you move away! The iguana closely misses you.
The orc attacks as you move away!
The orc hits you with a +2 short sword of distortion.
You die...

≈≈≈≈≈≈≈≈≈≈≈≈≈≈≈≈≈≈≈≈≈≈≈≈≈≈≈≈≈≈≈≈≈
≈≈≈≈.........................≈≈≈≈
.................................
................8................
._............................._.
........_..............._........
.................................
................oh...............
...._...........@l.........._....
.................................
.................................
........_..............._........
._............................._.
................_................
................................
≈≈≈.........................≈≈≈≈
≈≈≈≈≈≈≈≈≈≈≈≈≈≈≈≈≈≈≈≈≈≈≈≈≈≈≈≈≈≈≈≈


You could see an iguana, an orc (ally target) and a friendly hound (summoned).

Vanquished Creatures
  A gnoll (D:1)
  3 adders (D:3)
  A dart slug (D:1)
  3 orcs (D:4)
  2 ball pythons
  2 bats (D:1)
  4 endoplasms
  4 giant cockroaches
  2 goblins
  2 hobgoblins (D:1)
  2 quokkas
  3 frilled lizards
  6 kobolds
  2 rats
37 creatures vanquished.

Vanquished Creatures (collateral kills)
  2 adders (D:3)
  3 endoplasms
  A giant cockroach (D:2)
  A hobgoblin (D:2)
  6 ball pythons
  A goblin (D:2)
14 creatures vanquished.

Vanquished Creatures (others)
  A withered plant (D:2)
1 creature vanquished.

Grand Total: 52 creatures vanquished

Notes
Turn   | Place    | Note
-------+----------+-------------------------------------------
     0 | D:1      | AigisTheKnight the Tengu Summoner began the quest for the
                  | Orb.
     0 | D:1      | Reached XP level 1. HP: 10/10 MP: 4/4
   282 | D:1      | Reached skill level 5 in Summonings
   282 | D:1      | Reached XP level 2. HP: 16/16 MP: 4/6
   416 | D:1      | Reached skill level 1 in Fighting
   565 | D:1      | Reached XP level 3. HP: 20/20 MP: 5/7
   986 | D:2      | Found a faded altar of an unknown god.
  1239 | D:2      | Noticed Ijyb
  1413 | D:2      | Noticed a scorpion
  1470 | D:3      | Reached XP level 4. HP: 25/25 MP: 2/8
  1664 | D:3      | Learned a level 3 spell: Call Canine Familiar
  1892 | D:3      | Found a stormy altar of Qazlal.
  2144 | D:4      | Found a staircase to the Ecumenical Temple.
  2155 | Temple   | Entered the Ecumenical Temple
  2208 | Temple   | Became a worshipper of the Shining One
  2273 | Temple   | Slain by an orc

Illustrated notes

Levels and vault maps discovered:
D:1:      roderic_lyre, layout_basic
D:2:      kennysheep_the_goblin_king, layout_rooms,
          ebering_ecumenical_altar_petrified, kennysheep_generic_room_13
D:3:      layout_rooms, old_standard_altar, eino_tiny_chamber
D:4:      layout_gridville, nicolae_ru_awakened_eye, minmay_temple_entry_tees,
          uniq_blork_the_orc
Temple:   dshaligram_water_room_temple

Skill      XL: |  1  2  3  4 |
---------------+-------------+-----
Summonings     | 5 |  5.5
Fighting       | 1 2 |  2.0
Dodging        | 3 |  3.3
Stealth        | |  2.0
Spellcasting   | |  2.8

Action                   |  1- 3 |  4- 6 || total
-------------------------+-------+-------++-------
Melee: Unarmed           |    16 |       ||    16
       Kick              |    17 |     4 ||    21
       Club              |    29 |       ||    29
       Peck              |    12 |     1 ||    13
       Short sword       |    18 |       ||    18
       Whip              |     5 |    20 ||    25
 Cast: Summon Small Mamm |    56 |    25 ||    81
       Call Canine Famil |       |     1 ||     1
Evoke: Wand              |       |     1 ||     1
 Stab: Sleeping          |     2 |       ||     2
Armor: Robe              |    17 |       ||    17
       Leather armour    |     1 |     7 ||     8
Dodge: Dodged            |    57 |    17 ||    74

Table legend: (Time is in decaauts)
 A = Elapsed time spent in this place.
 B = Non-inter-level travel time spent in this place.
 C = Inter-level travel time spent in this place.
 D = Time resting spent in this place.
 E = Time spent auto-exploring this place.
 F = Levels seen in this place.
 G = Mean time per level.
                   A        B        C        D        E       F      G
               +--------+--------+--------+--------+--------+-----+--------+
         Total |   2284 |   2083 |    201 |     19 |   1460 |   5 |  456.8 |
       Dungeon |   2180 |   2017 |    163 |     19 |   1410 |   4 |  545.0 |
        Temple |    104 |     66 |     38 |      0 |     50 |   1 |  104.0 |
               +--------+--------+--------+--------+--------+-----+--------+

Top non-repeatable levels by time:
     D:1: 1023 daAuts
     D:3: 684 daAuts
     D:2: 445 daAuts
  Temple: 104 daAuts
     D:4: 27 daAuts
